 Dungeon Crawl Stone Soup version 0.30-a0-830-gfe289a77b0 (webtiles) character file.

Game seed: 5200157028394917811

37 Pimp the Ducker (level 3, -4/28 HPs)
             Began as a Demonspawn Gladiator on Feb 28, 2023.
             Slain by a gnoll
             ... wielding a +0 halberd
              (10 damage)
             ... on level 2 of the Dungeon.
             The game lasted 00:01:47 (967 turns).

Pimp the Ducker (Demonspawn Gladiator)               Turns: 967, Time: 00:01:47

Health: -4/28      AC:  4    Str: 16    XL:     3   Next: 23%
Magic:  3/3        EV: 12    Int:  9    God:
Gold:   28         SH:  0    Dex: 14    Spells: 2/2 levels left

rFire   . . .      SeeInvis .    a - +0 war axe
rCold   . . .      Faith    .    (no shield)
rNeg    . . .      Spirit   .    b - +0 leather armour
rPois   .          Reflect  .    c - +0 helmet
rElec   .          Harm     .    (no cloak)
rCorr   .          Rampage  .    (no gloves)
Will    .....                    (no boots)
Stlth   +                        (no amulet)
HPRegen 0.24/turn                (no ring)
MPRegen 0.08/turn                (no ring)

@: no status effects
A: ignite blood 1, demonic touch 1
a: no special abilities


You were on level 2 of the Dungeon.
You visited 1 branch of the dungeon, and saw 2 of its levels.

You collected 28 gold pieces.

Inventory:

Hand Weapons
 a - a +0 war axe (weapon)
Missiles
 d - 3 throwing nets (quivered)
 e - a javelin
Armour
 b - a +0 leather armour (worn)
 c - a +0 helmet (worn)
Scrolls
 f - a scroll of noise {unknown}
 j - a scroll of vulnerability {unknown}
 k - a scroll of identify {unknown}
Potions
 g - a potion of might {unknown}
 h - a potion of lignification {unknown}
 i - a potion of berserk rage {unknown}


   Skills:
 + Level 2.4 Fighting
 + Level 3.0 Axes
 + Level 2.2 Throwing
 + Level 3.0 Dodging


You had 2 spell levels left.
You didn't know any spells.
Your spell library contained the following spells:

 Spells                   Type           Power      Damage    Failure   Level
 Sandblast                Erth           0%         2d4       45%         1
 Passwall                 Tmut/Erth      0%         N/A       58%         2
 Stone Arrow              Conj/Erth      0%         3d7       83%         3


Dungeon Overview and Level Annotations

Branches:
Dungeon (2/15)

Altars:


Innate Abilities, Weirdness & Mutations

Your demonic aura sometimes causes spilled blood to erupt in flames.
Your touch may inflict minor irresistible damage on your foes.


Message History

You kill the worm!
You now have 28 gold pieces (gained 10).
A bat comes into view.
The bat barely misses you. 2 gnolls and a dart slug come into view.
The gnoll shouts!
The bat misses you.
The gnoll shouts!
The bat completely misses you. The dart slug launches a dart at you.
The slug dart hits you.
A gnoll comes into view. It is wielding a +0 halberd.
The gnoll shouts!
The bat hits you but does no damage. The bat barely misses you.
The bat attacks as you move away! The bat closely misses you.
The gnoll attacks as you move away! The gnoll closely misses you.
A worm and a quokka come into view.
The bat misses you. The bat closely misses you.
The dart slug launches a dart at you. The slug dart hits you.
You slash the bat!
You kill the bat!
You hit the gnoll.
A gnoll comes into view. It is wielding a +0 club.
You closely miss the gnoll.
The gnoll is moderately wounded.
The gnoll hits you from afar with a +0 halberd.
The gnoll hits you with a +0 club.
A hobgoblin comes into view.
The dart slug launches a dart at you. The slug dart hits you.
You closely miss the gnoll. x2; The gnoll closely misses you.
The gnoll hits you with a +0 whip! The gnoll hits you with a +0 club.
* * * LOW HITPOINT WARNING * * *
The gnoll barely misses you. The gnoll closely misses you.
You hit the quokka but do no damage. You hit the gnoll. x2
The quokka barely misses you.
The gnoll hits you from afar with a +0 halberd!
You die...

#......#.........#
#......##........
#....### #.....#
#.....## ###...##
..#.#..###......#
.##.##..#......)# #
. #>.##.........#
##... . ##.
#..#......##...... .
#..#.....g@rw.....
.#####.....g##..w...
.......g......g..
###..............
#..g...####....
##...### ... ...## .
.###


You could see a worm, 4 gnolls, a dart slug, a quokka and a hobgoblin.

Vanquished Creatures
  An adder (D:2)
  A worm (D:2)
  A dart slug (D:1)
  2 bats
  5 endoplasms
  2 goblins
  A hobgoblin (D:1)
  2 quokkas (D:1)
  2 ball pythons
  2 frilled lizards
  2 kobolds (D:1)
  3 rats (D:1)
24 creatures vanquished.

Notes
Turn   | Place    | Note
-------+----------+-------------------------------------------
     0 | D:1      | Pimp the Demonspawn Gladiator began the quest for the Orb.
     0 | D:1      | Reached XP level 1. HP: 16/16 MP: 1/1
   152 | D:1      | Gained mutation: Your demonic aura sometimes causes spilled
                  | blood to erupt in flames. [demonic ancestry]
   152 | D:1      | Reached XP level 2. HP: 16/22 MP: 2/2
   698 | D:1      | Found a faded altar of an unknown god.
   849 | D:2      | Gained mutation: Your touch may inflict minor irresistible
                  | damage on your foes. [demonic ancestry]
   849 | D:2      | Reached XP level 3. HP: 13/28 MP: 3/3
   967 | D:2      | Slain by a gnoll

Illustrated notes

Levels and vault maps discovered:
D:1:      lightli_arrival_quake, layout_basic,
          chequers_ecumenical_altar_simple_redux
D:2:      layout_rooms

Skill      XL: |  1  2 |
---------------+-------+-----
Throwing       | 2 |  2.2
Axes           | 3 |  3.0
Dodging        | 3 |  3.0
Fighting       | |  2.4

Action                     || total
---------------------------++-------
  Melee: War axe           ||    57
         Touch             ||     3
   Stab: Sleeping          ||     2
 Armour: Leather armour    ||    16
  Dodge: Dodged            ||    51

Table legend: (Time is in decaauts)
 A = Elapsed time spent in this place.
 B = Non-inter-level travel time spent in this place.
 C = Inter-level travel time spent in this place.
 D = Time resting spent in this place.
 E = Time spent auto-exploring this place.
 F = Levels seen in this place.
 G = Mean time per level.
                   A        B        C        D        E       F      G
               +--------+--------+--------+--------+--------+-----+--------+
         Total |    986 |    949 |     37 |     59 |    695 |   2 |  493.0 |
       Dungeon |    986 |    949 |     37 |     59 |    695 |   2 |  493.0 |
               +--------+--------+--------+--------+--------+-----+--------+

Top non-repeatable levels by time:
     D:1: 855 daAuts
     D:2: 131 daAuts
